 Dungeon Crawl Stone Soup version 0.26-b1-32-g5d43845318 (webtiles) character file.

Game seed: 8105608999666740487

412 MisterFreud the Conjurer (level 6, -4/42 HPs)
             Began as a Demonspawn Fire Elementalist on Jan 11, 2021.
             Was an Initiate of Gozag.
             Slain by a wyvern skeleton (11 damage)
             ... on level 6 of the Dungeon.
             The game lasted 00:12:16 (5193 turns).

MisterFreud the Conjurer (DsFE)                     Turns: 5193, Time: 00:12:18

Health: -4/42      AC:  8    Str: 14    XL:     6   Next: 59%
Magic:  5/9        EV: 12    Int: 19    God:    Gozag
Gold:   139        SH:  0    Dex: 13    Spells: 4/9 levels left

rFire    . . .     SeeInvis .   f - +2 short sword (drain)
rCold    . . .     Faith    .   (no shield)
rNeg     . . .     Spirit   .   a - +0 robe
rPois    .         Reflect  .   x - +0 helmet
rElec    .         Harm     .   (no cloak)
rCorr    .         Rampage  +   v - +0 pair of gloves
Will     .....                  h - +2 pair of boots {rampage}
Stlth    ++........             w - amulet of the acrobat
HPRegen  0.14/turn              k - ring of flight
MPRegen  0.11/turn              y - +6 ring of strength

@: gold aura
A: rugged brown scales 1, powered by death 1
a: Renounce Religion, Evoke Flight, Potion Petition, Call Merchant, Bribe Branch


You were on level 6 of the Dungeon.
You worshipped Gozag.
Gozag was aware of your devotion.
You visited 2 branches of the dungeon, and saw 7 of its levels.

You collected 217 gold pieces.
You paid 78 gold pieces to Gozag.

Inventory:

Hand Weapons
 f - a +2 short sword of draining (weapon)
Missiles
 b - 281 stones
 c - 8 silver boomerangs
 m - a throwing net
 s - 26 poisoned darts
Armour
 a - a +0 robe (worn)
 h - a +2 pair of boots of rampaging (worn)
 v - a +0 pair of gloves (worn)
 x - a +0 helmet (worn)
 G - the +6 scale mail "Berakikh" {rC++ Int-3 Dex+6, unknown}
   (You found it on level 5 of the Dungeon)

   It affects your intelligence (-3).
   It affects your dexterity (+6).
   It greatly protects you from cold.
Jewellery
 k - a ring of flight (left hand)
 w - an amulet of the acrobat (around neck)
 y - a +6 ring of strength (right hand)
Wands
 o - a wand of flame (18)
 B - a wand of disintegration (15)
 C - a wand of iceblast (6)
Scrolls
 d - 2 scrolls of teleportation {unknown}
 e - 2 scrolls of fog {unknown}
 i - 12 scrolls of remove curse
 j - 10 scrolls of identify {unknown}
 l - a scroll of blinking {unknown}
 n - a scroll of enchant weapon {unknown}
 u - a scroll of amnesia {unknown}
 A - a scroll of immolation {unknown}
 D - 2 scrolls of magic mapping {unknown}
 E - a scroll of enchant armour {unknown}
 F - a scroll of brand weapon {unknown}
Potions
 g - 2 potions of degeneration {unknown}
 p - a potion of heal wounds {unknown}
 q - a potion of resistance {unknown}
 r - a potion of ambrosia {unknown}
 t - a potion of haste {unknown}
 z - a potion of berserk rage {unknown}


   Skills:
 - Level 1.7 Dodging
 - Level 1.7 Stealth
 + Level 2.0 Spellcasting
 + Level 5.0 Conjurations
 + Level 5.0 Fire Magic


You had 4 spell levels left.
You knew the following spells:

 Your Spells              Type           Power        Failure   Level
a - Foxfire               Conj/Fire      84%          2%          1
b - Sticky Flame          Conj/Fire      21%          22%         4

Your spell library contained the following spells:

 Spells                   Type           Power        Failure   Level
 Conjure Flame            Conj/Fire      21%          6%          3
 Inner Flame              Hex/Fire       11%          19%         3
 Fireball                 Conj/Fire      10%          52%         5


Dungeon Overview and Level Annotations

Branches:
Dungeon (6/15)             Temple (1/1) D:6

Altars:
Cheibriados
Dithmenos
Elyvilon
Fedhas
Gozag
Hepliaklqana
Kikubaaqudgha
Makhleb
Nemelex Xobeh
Okawaru
Qazlal
Ru
Sif Muna
Trog
Uskayaw
Vehumet
Wu Jian
Xom
Zin
The Shining One

Annotations:
D:4 Edmund


Innate Abilities, Weirdness & Mutations

You are partially covered in rugged brown scales. (AC +1, +3% HP)
You regenerate a little health from kills.


Message History

You destroy the adder skeleton!
The wyvern skeleton bites you! x2
The wyvern skeleton closely misses you.
Casting: Foxfire (safe; 2% risk of failure)
Confirm with . or Enter, or press ? or * to list all spells.
The spell is quite dangerous to cast (22% risk of failure)!
Continue anyway?
Aiming: Sticky Flame (quite dangerous; 22% risk of failure)
Press: ? - help, Shift-Dir - straight line, f - wyvern skeleton
Aim: a wyvern skeleton (0% to evade)
The sticky flame hits the wyvern skeleton!
The wyvern skeleton is moderately damaged.
The wyvern skeleton is covered in liquid flames!
The wyvern skeleton burns!
The wyvern skeleton closely misses you.
You hit the wyvern skeleton.
The wyvern skeleton is heavily damaged.
The wyvern skeleton burns!
The wyvern skeleton bites you!
* * * LOW HITPOINT WARNING * * *
The wyvern skeleton bites you!
You die...
Your body crumbles into a pile of gold.

....... +....# ......
#....# #....# #.....
#....# #...#. +....#
######...#. #....#
..#......###
#..$.#....#.........
#....#....#....#....
#.Z@.##..##..###..>.
#.<..#'###..##....#..$.
#....#.......#.........
+... #.......#......###
#... #.......#.......#.
#.. #.......'.......#.
#.. ######+#######+..$
$ ...... ......


You could see a wyvern skeleton (burning).

Vanquished Creatures
  A centaur (D:5)
  A jelly (D:5)
  Ijyb (D:3)
  2 worker ants
  A hound skeleton (D:4)
  11 adders
  A shadow imp (D:3)
  2 oozes (D:3)
  An adder zombie (D:5)
  2 adder skeletons
  3 worms
  4 dart slugs (D:1)
  2 leopard geckos
  An orc (D:6)
  4 bats (D:2)
  3 giant cockroaches
  9 goblins
  7 hobgoblins
  6 kobolds
  3 quokkas
  2 ball pythons (D:1)
  13 frilled lizards
  A quokka skeleton (D:4)
  8 rats
89 creatures vanquished.

Vanquished Creatures (others)
  162 foxfires
162 creatures vanquished.

Grand Total: 251 creatures vanquished

Notes
Turn   | Place    | Note
-------+----------+-------------------------------------------
     0 | D:1      | MisterFreud the Demonspawn Fire Elementalist began the
                  | quest for the Orb.
     0 | D:1      | Reached XP level 1. HP: 13/13 MP: 3/3
   307 | D:1      | Gained mutation: You are partially covered in rugged brown
                  | scales. (AC +1, +3% HP) [demonic ancestry]
   307 | D:1      | Reached XP level 2. HP: 12/19 MP: 0/5
   973 | D:1      | Reached XP level 3. HP: 12/23 MP: 3/6
  1607 | D:2      | Found a hazy altar of Hepliaklqana.
  1849 | D:2      | Reached XP level 4. HP: 30/30 MP: 3/7
  2082 | D:2      | Found a sparkling altar of Nemelex Xobeh.
  2209 | D:2      | Found a stormy altar of Qazlal.
  2369 | D:2      | Learned a level 4 spell: Sticky Flame
  2415 | D:3      | Noticed Ijyb
  2422 | D:3      | Killed Ijyb
  2517 | D:3      | Reached XP level 5. HP: 36/36 MP: 5/8
  2923 | D:3      | Found a blossoming altar of Fedhas.
  3469 | D:4      | Noticed Edmund
  4515 | D:5      | Entered Level 5 of the Dungeon
  4541 | D:5      | Gained mutation: You regenerate a little health from kills.
                  | [demonic ancestry]
  4541 | D:5      | Reached XP level 6. HP: 27/42 MP: 5/9
  4663 | D:5      | Reached skill level 5 in Conjurations
  4879 | D:5      | Reached skill level 5 in Fire Magic
  5042 | D:5      | Got a heavily runed scale mail
  5094 | D:6      | Found a staircase to the Ecumenical Temple.
  5112 | Temple   | Entered the Ecumenical Temple
  5142 | Temple   | Became a worshipper of Gozag Ym Sagoz the Greedy
  5193 | D:6      | Slain by a wyvern skeleton

Illustrated notes

Levels and vault maps discovered:
D:1:      minmay_arrival_hallway, layout_loops_ring, minmay_pentomino_r4
D:2:      layout_rooms, marbit_many_paths, old_standard_altar,
          lemuel_crystal_altar
D:3:      layout_rooms, old_standard_altar, uniq_ijyb
D:4:      layout_loops_ring, uniq_edmund
D:5:      layout_rooms
D:6:      layout_gridville, minmay_temple_entry_tees, uniq_eustachio
Temple:   nicolae_temple_x_marks_the_god

Skill      XL: |  1  2  3  4  5  6 |
---------------+-------------------+-----
Conjurations   | 2 3 4 5 |  5.0
Fire Magic     | 3 4 5 |  5.0
Dodging        | |  1.7
Stealth        | |  1.7
Spellcasting   | |  2.0

Action                   |  1- 3 |  4- 6 || total
-------------------------+-------+-------++-------
Melee: Short sword       |    57 |   135 ||   192
 Cast: Foxfire           |    39 |    53 ||    92
       Sticky Flame      |       |     3 ||     3
  Use: Scroll            |       |     1 ||     1
 Stab: Sleeping          |     3 |     1 ||     4
Armor: Robe              |    25 |    41 ||    66
Dodge: Dodged            |    63 |   132 ||   195
